 Dungeon Crawl Stone Soup version 0.18-a0-921-g28655ce (webtiles) character file.

28 filipzpl the Ruffian (level 3, 0/28 HPs)
             Began as a Draconian Transmuter on Dec 27, 2015.
             Was an Initiate of Makhleb.
             Slain by a giant gecko (4 damage)
             ... on level 2 of the Dungeon.
             The game lasted 00:03:39 (1034 turns).

filipzpl the Ruffian (Draconian Transmuter)         Turns: 1034, Time: 00:03:40

Health: 0/28       AC:  5    Str: 12    XL:     3   Next: 0%
Magic:  3/6        EV: 12    Int: 14    God:    Makhleb [......]
Gold:   23         SH:  0    Dex: 11    Spells: 1 memorised, 5 levels left

rFire  . . .     SeeInvis .       - Unarmed
rCold  . . .     Gourm    .     (armour unavailable)
rNeg   . . .     Faith    .     (no shield)
rPois  .         Spirit   .     (helmet restricted)
rElec  .         Dismiss  .     (no cloak)
rCorr  .         Reflect  .     (no gloves)
SustAt .         Harm     .     (boots currently unavailable)
MR     .....                    (no amulet)
Stlth  +.........               (no ring)
                                (no ring)

@: appendage, very slightly contaminated, not resistant to hostile enchantments,
very unstealthy
A: unfitting armour, talons 3, cold-blooded, AC +5
a: End Transformation, Renounce Religion


You were on level 2 of the Dungeon.
You worshipped Makhleb.
Makhleb was noncommittal.
You were hungry.
You had grown temporary talons.
You visited 1 branch of the dungeon, and saw 2 of its levels.

You collected 23 gold pieces.

Inventory:

Missiles
 a - 48 arrows
Jewellery
 f - an uncursed ring of see invisible {unknown}
Scrolls
 d - 3 scrolls of enchant armour {unknown}
 h - 4 scrolls of identify {unknown}
Potions
 e - a potion of flight {unknown}
Books
 b - a book of Changes

   Spells                             Type                      Level
   a - Beastly Appendage              Transmutation                1
   b - Sticks to Snakes               Transmutation                2
   c - Spider Form                    Transmutation/Poison         3
   d - Ice Form                       Ice/Transmutation            4
   e - Blade Hands                    Transmutation                5
Comestibles
 c - a bread ration
 g - a beef jerky


   Skills:
 - Level 1.1 Fighting
 - Level 1.7 Dodging
 * Level 4.2 Unarmed Combat
 - Level 2.0 Spellcasting
 - Level 2.0 Transmutations


You had 5 spell levels left.
You knew the following spells:

 Your Spells              Type           Power        Failure   Level  Hunger
a - Beastly Appendage     Trmt           #.....       12%         1    ##.....


Dungeon Overview and Level Annotations

Branches:
Dungeon (2/15)

Altars:
Dithmenos
Makhleb
Qazlal
Xom


Innate Abilities, Weirdness & Mutations

Your plain brown scales are hard (AC +5).
Your body does not fit into most forms of armour.
You are cold-blooded and may be slowed by cold attacks.
You have claws for feet.


Message History

Confirm with . or Enter, or press ? or * to list all spells.
You miscast Beastly Appendage.
You are very lightly contaminated with residual magic.
Nothing appears to happen.
The giant cockroach barely misses you. The giant cockroach barely misses you.
Casting: Beastly Appendage
Confirm with . or Enter, or press ? or * to list all spells.
Your feet morph into talons.
The giant cockroach bites you but does no damage.
You hit the giant cockroach.
You kill the giant cockroach!
Makhleb accepts your kill.
You have reached level 3!
Your experience leads to an increase in your attributes!
Increase (S)trength, (I)ntelligence, or (D)exterity?
You feel clever.
Your scales feel tougher.
You hit the giant gecko. Your kick misses the giant gecko.
The giant gecko is heavily wounded.
The giant gecko bites you.
You die...

..$.$...# .......#
#..... #.#..###
#.##r..###########
#lg.llg.........>.
#r####...####.##.#
#l# ###..........
#@# ##.....g...
#.# ##...g..## #.#
##....... #.#
######## ...
...... ... ......
... ....#. #####
###..> ####


You could see a gnoll, a giant gecko, a giant newt and a rat.

Vanquished Creatures
  5 giant cockroaches
  3 hobgoblins (D:1)
  2 kobolds (D:1)
  A ball python (D:2)
  A bat (D:1)
  2 giant newts (D:1)
  3 goblins (D:1)
  6 jackals (D:1)
  3 rats
26 creatures vanquished.

Notes
Turn   | Place    | Note
--------------------------------------------------------------
     0 | D:1      | filipzpl the Draconian Transmuter began the quest for the Orb.
     0 | D:1      | Reached XP level 1. HP: 16/16 MP: 3/3
   287 | D:1      | Reached XP level 2. HP: 23/23 MP: 5/5
   595 | D:1      | Reached skill level 4 in Unarmed Combat
   942 | D:2      | Found a shimmering altar of Xom.
   947 | D:2      | Found a stormy altar of Qazlal.
   951 | D:2      | Found a shadowy altar of Dithmenos.
   963 | D:2      | Found a burning altar of Makhleb.
   968 | D:2      | Became a worshipper of Makhleb the Destroyer
  1033 | D:2      | Reached XP level 3. HP: 4/28 MP: 3/6
  1034 | D:2      | Slain by a giant gecko

Vault maps used:
D:1:      saegor_arrival_simple_b, hangedman_glass_teeth, minmay_strange_pillars
D:2:      nicolae_overflow_crystal_walls, minitemple, tso_altar

Action                   || total
-------------------------++-------
Melee: Unarmed           ||   118
 Cast: Beastly Appendage ||     3
